[Event "45th FIDE Olympiad 2024"]
[Site "Budapest"]
[Date "2024.09.18"]
[Round "7.15"]
[White "Sindarov, Javokhir"]
[Black "Ponomariov, Ruslan"]
[Result "1-0"]
[ECO "B11"]
[WhiteElo "2677"]
[BlackElo "2654"]
[Annotator "TA"]
[PlyCount "99"]
[EventDate "2024.09.05"]
[EventType "team-tourn"]
[EventCountry "HUN"]
[SourceTitle "playchess.com"]
[Source "ChessBase"]
[SourceQuality "1"]
[WhiteTeam "Uzbekistan"]
[BlackTeam "Ukraine"]
[WhiteTeamCountry "UZB"]
[BlackTeamCountry "UKR"]
[TimeControl "40/5400+30:1800+30"]

1. e4 c6 2. Nf3 d5 3. Nc3 Bg4 4. h3 Bxf3 5. Qxf3 e6 6. Be2 Bc5 7. Qg3 Bd4 8. exd5 exd5 {[%emt 0:00:21] The position is equal.} 9. O-O Nd7 10. Bd1 Ne7 11. Ne2 Be5 12. Qf3 d4 13. c3 Nc5 14. Re1 Qd6 15. d3 (15. cxd4 {feels hotter.} Bxd4 16. Nxd4 Qxd4 17. d3) 15... Ne6 16. cxd4 Bxd4 17. Nxd4 Qxd4 18. Bb3 O-O 19. Re4 Qd7 20. Bxe6 fxe6 21. Qe2 Nd5 22. Bd2 Rad8 (22... Rf6 $14) 23. Rxe6 $16 Rfe8 24. Rxe8+ Rxe8 25. Qf3 Qc7 26. Re1 Rxe1+ 27. Bxe1 {[%emt 0:00:07][%mdl 4096] Endgame. KQB-KQN} Qf4 28. Qe2 h6 29. Bd2 Qf6 30. Qe8+ Kh7 31. Qe4+ Kg8 32. Qe8+ Kh7 33. Qe4+ Kg8 34. Bc1 {[%emt 0:00:41] White stays focused until the end.} Kf7 35. Kf1 a6 36. Ke2 Qd6 37. Be3 Nf6 38. Qf4 Qxf4 39. Bxf4 {[%emt 0:00:16] KB-KN} Ke6 40. Bd2 Nd5 41. g4 Kf7 42. h4 Nf6 43. Kf3 h5 {[%emt 0:00:27] [#]} (43... Nd7 $142 44. Bc3 g6) 44. gxh5 $1 $18 Nxh5 45. Bc3 g6 $2 (45... a5 46. Bxa5 Nf6) 46. Kg4 $2 (46. b4 Kf8 47. Kg4) 46... Ke6 $2 (46... a5 47. Bxa5 Nf6+ 48. Kf4 Ke6) 47. f4 Nf6+ 48. Bxf6 Kxf6 49. b4 b6 50. d4 {[%emt 0:00:00] Weighted Error Value: White=0.25 (precise) /Black=0.23 (precise) .  Mistake:       	White=1     	Black=4      Inaccurate:     	White=1     	Black=3      OK:         	White=22    	Black=10     Best:        	---       	Black=3      Strong:       	White=1     	---} 1-0

[Event "45th FIDE Olympiad 2024"]
[Site "Budapest"]
[Date "2024.09.18"]
[Round "7.15"]
[White "Manan, Yoboue Hermann"]
[Black "Nathoo, Loris"]
[Result "0-1"]
[WhiteElo "2030"]
[BlackElo "1788"]
[PlyCount "86"]
[EventDate "2024.09.05"]
[EventType "team-tourn"]
[EventCountry "HUN"]
[WhiteTeam "Cote d/^Ivoire"]
[BlackTeam "Guyana"]
[BlackTeamCountry "GUY"]
[TimeControl "40/5400+30:1800+30"]

1. e4 c5 2. Nf3 d6 3. d4 cxd4 4. Qxd4 Nc6 5. Qe3 g6 6. Nc3 Bg7 7. h3 Nf6 8. Bc4 Be6 9. Bxe6 fxe6 10. O-O e5 11. Rd1 O-O 12. Qd3 h6 13. a3 Rc8 14. Nd5 Kh7 15. Be3 Qe8 16. b4 Nxd5 17. Qxd5 g5 18. c4 Qg6 19. Rac1 Rxf3 20. gxf3 Rf8 21. b5 Nd4 22. Bxd4 exd4 23. Rd3 Be5 24. Qxb7 Qf6 25. Kg2 h5 26. Rh1 Bf4 27. Qd5 e5 28. Rf1 Kg7 29. Qb7+ Rf7 30. Qc6 g4 31. fxg4 Be3 32. f4 exf4 33. Rf3 hxg4 34. hxg4 Qh4 35. Qc8 Qe1 36. Rdxe3 dxe3 37. Rh3 Qf2+ 38. Kh1 Qf1+ 39. Kh2 Qxh3+ 40. Kxh3 e2 41. Qd8 e1=Q 42. Qg5+ Kh8 43. Qd8+ Kh7 {0-} 0-1

[Event "45th FIDE Olympiad 2024"]
[Site "Budapest"]
[Date "2024.09.18"]
[Round "7.16"]
[White "Korobov, Anton"]
[Black "Vokhidov, Shamsiddin"]
[Result "1/2-1/2"]
[ECO "C54"]
[WhiteElo "2650"]
[BlackElo "2650"]
[Annotator "TA"]
[PlyCount "72"]
[EventDate "2024.09.05"]
[EventType "team-tourn"]
[EventCountry "HUN"]
[SourceTitle "playchess.com"]
[Source "ChessBase"]
[SourceQuality "1"]
[WhiteTeam "Ukraine"]
[BlackTeam "Uzbekistan"]
[WhiteTeamCountry "UKR"]
[BlackTeamCountry "UZB"]
[TimeControl "40/5400+30:1800+30"]

1. e4 e5 2. Nf3 Nc6 3. Bc4 Bc5 4. O-O Nf6 5. d3 O-O 6. c3 d5 7. exd5 Nxd5 8. a4 a5 9. Nbd2 Nb6 10. Bb5 Bd6 11. Re1 Bg4 12. h3 Bh5 13. Qc2 f6 14. d4 Bg6 15. Qb3+ Bf7 16. Qd1 exd4 17. Bxc6 bxc6 18. Nxd4 Qd7 19. Ne4 Rfe8 20. Nxd6 Qxd6 21. Be3 Nc4 22. Qc1 c5 {[%emt 0:09:04] The position is equal.} 23. Nb5 Qc6 24. Bf4 Rxe1+ 25. Qxe1 Nxb2 26. Qe2 Nc4 27. Nxc7 Rd8 28. Rd1 Rxd1+ 29. Qxd1 {[%emt 0:00:02] [#] aiming for Qd8+.} g5 30. Bg3 Kg7 31. h4 h6 32. Nb5 Qd5 33. Qxd5 Bxd5 34. hxg5 hxg5 35. Bc7 Bc6 {[%emt 0:00:44] [#] ...Bxb5 is the strong threat.} 36. Nd6 Nxd6 {[%emt 0:00:25] Weighted Error Value: White=0.06 (flawless) /Black=0.04 (flawless) .  Inaccurate:     	White=2     	Black=1      OK:         	White=19    	Black=13     Best:        	---       	Black=2} 1/2-1/2

[Event "45th FIDE Olympiad 2024"]
[Site "Budapest"]
[Date "2024.09.18"]
[Round "7.16"]
[White "Pitamber, Sachin Dhilan"]
[Black "Assemien, Yoann Philippe"]
[Result "1-0"]
[WhiteElo "1715"]
[BlackElo "1801"]
[PlyCount "73"]
[EventDate "2024.09.05"]
[EventType "team-tourn"]
[EventCountry "HUN"]
[WhiteTeam "Guyana"]
[BlackTeam "Cote d/^Ivoire"]
[WhiteTeamCountry "GUY"]
[TimeControl "40/5400+30:1800+30"]

1. e4 e5 2. Nf3 Nc6 3. Bb5 Nf6 4. O-O Nxe4 5. Re1 Nd6 6. Nxe5 Be7 7. Nxc6 dxc6 8. Bf1 O-O 9. d4 Bf5 10. Nd2 Qd7 11. Nf3 Bf6 12. Ne5 Bxe5 13. dxe5 Nc8 14. Qxd7 Bxd7 15. Bg5 h6 16. Bh4 g5 17. Bg3 Ne7 18. Rad1 Be6 19. Bd3 Rad8 20. f4 Rd7 21. h4 g4 22. h5 c5 23. Bh4 Rfd8 24. Bxe7 Rxe7 25. Bh7+ Kxh7 26. Rxd8 a6 27. Red1 Kg7 28. Rb8 b6 29. Rdd8 f6 30. f5 Bxf5 31. Rg8+ Kf7 32. Rbf8+ Ke6 33. exf6 Rd7 34. Rg7 Rd1+ 35. Kh2 Ke5 36. f7 Kf4 37. Rfg8 1-0

[Event "45th FIDE Olympiad 2024"]
[Site "Budapest"]
[Date "2024.09.18"]
[Round "7.17"]
[White "Predke, Alexandr"]
[Black "Giri, Anish"]
[Result "1/2-1/2"]
[ECO "C18"]
[WhiteElo "2671"]
[BlackElo "2724"]
[Annotator "TA"]
[PlyCount "113"]
[EventDate "2024.09.05"]
[EventType "team-tourn"]
[EventCountry "HUN"]
[SourceTitle "playchess.com"]
[Source "ChessBase"]
[SourceQuality "1"]
[WhiteTeam "Serbia"]
[BlackTeam "Netherlands"]
[WhiteTeamCountry "SRB"]
[BlackTeamCountry "NED"]
[TimeControl "40/5400+30:1800+30"]

1. e4 e6 2. d4 d5 3. Nc3 Bb4 4. e5 c5 5. Qg4 Ne7 6. a3 Bxc3+ 7. bxc3 Qc7 8. Qxg7 Rg8 9. Qxh7 cxd4 10. Qd3 Qxe5+ 11. Ne2 dxc3 12. Qxc3 Qxc3+ 13. Nxc3 Nbc6 14. Nb5 {[%emt 0:08:54] Inhibits Nd4.} Kd7 {[%emt 0:01:26] Dodges Nc7} 15. Bb2 e5 16. O-O-O d4 {[%emt 0:02:47] [#]} 17. f4 $1 {[%emt 0:19:59] Strongly threatening fxe5.} a6 18. Nc3 Kc7 19. Ne4 exf4 20. Bxd4 Rd8 21. Bb2 Rxd1+ 22. Kxd1 Nd5 (22... Bf5 $11 23. Nf6 Rd8+ 24. Kc1 Nd5 (24... Nd4 25. h4 $14)) 23. Kc1 Bf5 24. Bd3 Rg8 25. Nf6 Nxf6 26. Bxf5 Rg5 27. Bd3 {[%emt 0:01:08] This pair of bishops is nice.} ({Much weaker is} 27. Bxf6 Rxf5 28. Bc3 Kd6 $11) 27... Ne5 28. h4 Nxd3+ 29. cxd3 Rf5 30. Bxf6 Rxf6 $11 {[%emt 0:00:01][%mdl 4096] Endgame. KR-KR} 31. h5 {[%emt 0:00:05] Hoping for h6.} Rh6 $1 ({Not} 31... f3 $2 32. gxf3 Rh6 33. Kd2 $18) 32. Kd2 Kd6 33. Ke2 {[%emt 0:02:41] Threatens to win with Kf3.} Ke5 34. Kf3 Rd6 $1 35. Rd1 Rd4 36. h6 {[%emt 0:03:50] Black must now prevent h7.} Kf6 37. Rh1 {[%emt 0:00:17] And now h7 would win.} Rxd3+ 38. Kxf4 {[%emt 0:00:22] White threatens h7 and mate.} Rd4+ (38... Rd8 $1 $11 {keeps the balance.}) 39. Ke3 $16 Rd8 {[%emt 0:00:04] [#]} 40. Rb1 ({White should try} 40. h7 $1 $16 Rh8 41. Kd4) 40... b5 $11 {[%emt 0:01:19] The position is equal.} 41. a4 Rb8 42. axb5 axb5 43. Rh1 b4 44. Kd3 b3 45. Kc3 b2 46. Kc2 Kg6 47. h7 Kg7 48. h8=Q+ Rxh8 49. Rxh8 Kxh8 50. Kxb2 {[%emt 0:00:05] KP-KP} Kg7 51. Kc3 Kf6 52. Kd4 Kf5 53. Kd5 Kf4 54. Kd6 Kg3 55. Ke7 f5 {[%emt 0:00:03][%cal Of5f4] ( -> ...f4!)} 56. Kf6 Kxg2 57. Kxf5 {[%emt 0:00:04] Weighted Error Value: White=0.07 (flawless) /Black=0.06 (flawless) .  Mistake:       	White=1     	Black=2      Inaccurate:     	White=2     	---        OK:         	White=17    	Black=22     Best:        	White=3     	Black=6      Strong:       	---       	Black=2} 1/2-1/2

[Event "45th FIDE Olympiad 2024"]
[Site "Budapest"]
[Date "2024.09.18"]
[Round "7.17"]
[White "Muhammed, Shuaau"]
[Black "Gurner, Jem"]
[Result "1-0"]
[WhiteElo "2052"]
[BlackElo "2091"]
[PlyCount "109"]
[EventDate "2024.09.05"]
[EventType "team-tourn"]
[EventCountry "HUN"]
[WhiteTeam "Maldives"]
[BlackTeam "Jersey"]
[WhiteTeamCountry "MDV"]
[TimeControl "40/5400+30:1800+30"]

1. e4 c5 2. Nf3 d6 3. d4 cxd4 4. Nxd4 Nf6 5. Nc3 a6 6. f3 e5 7. Nb3 Be7 8. Be3 Be6 9. Qd2 h5 10. Nd5 Nxd5 11. exd5 Bf5 12. Be2 a5 13. a4 Nd7 14. Bb5 O-O 15. O-O Nf6 16. Rac1 e4 17. f4 Ng4 18. Bd4 Bf6 19. h3 Nh6 20. Bxf6 Qxf6 21. Nxa5 e3 22. Qb4 Qg6 23. Nc4 Bxh3 24. Nxe3 Nf5 25. Bd3 Rfe8 26. Bxf5 Bxf5 27. Nxf5 Qxf5 28. Qxb7 Rxa4 29. c4 Raa8 30. Rf2 Qf6 31. Qb3 Rab8 32. Qc3 Qxc3 33. Rxc3 Re1+ 34. Kh2 Rb1 35. Rcc2 Rb3 36. Rfd2 Rb8 37. c5 dxc5 38. d6 Rd8 39. Rxc5 g6 40. d7 Kf8 41. f5 Rf1 42. fxg6 fxg6 43. b4 Rf6 44. b5 Rb6 45. Kg3 Rb7 46. Rcd5 Ke7 47. Kh4 Kf7 48. Kg5 Kg7 49. g3 Kf7 50. Kf4 Ke7 51. Kg5 Kf7 52. Rf2+ Ke6 53. Rc5 Rbxd7 54. Rf6+ Ke7 55. Re5# 1-0

[Event "45th FIDE Olympiad 2024"]
[Site "Budapest"]
[Date "2024.09.18"]
[Round "7.18"]
[White "Van Foreest, Jorden"]
[Black "Sarana, Alexey"]
[Result "1/2-1/2"]
[ECO "D73"]
[WhiteElo "2696"]
[BlackElo "2713"]
[Annotator "TA"]
[PlyCount "82"]
[EventDate "2024.09.05"]
[EventType "team-tourn"]
[EventCountry "HUN"]
[SourceTitle "playchess.com"]
[Source "ChessBase"]
[SourceQuality "1"]
[WhiteTeam "Netherlands"]
[BlackTeam "Serbia"]
[WhiteTeamCountry "NED"]
[BlackTeamCountry "SRB"]
[TimeControl "40/5400+30:1800+30"]

1. Nf3 d5 2. g3 g6 3. Bg2 Bg7 4. d4 c6 5. O-O Nf6 6. c4 O-O 7. a4 dxc4 8. Na3 {[%emt 0:02:36] D73: Fianchetto Grünfeld: 5 Nf3 .} Na6 9. Nxc4 Be6 10. b3 Bd5 11. Ba3 Rc8 12. Rc1 Nc7 13. e3 $146 ({Predecessor:} 13. Ne3 Be4 14. Bh3 Ne6 15. Nd2 Rc7 16. Nxe4 Nxe4 17. Bxe6 fxe6 18. Qc2 Nd6 19. Rfd1 {½-½ Satici,A (2147)-Pekin,T (2191) TUR-ch email 2007}) 13... Nce8 14. Bh3 Rb8 15. Nfe5 Nc7 16. Qe2 Re8 17. Rfd1 Be6 18. Bg2 Nd7 19. Nf3 Nb6 20. Ng5 Bxc4 21. bxc4 e5 22. Nxf7 Kxf7 23. dxe5 Qc8 24. a5 Nd7 25. Bh3 ({Better is} 25. f4) 25... Ne6 $16 26. f4 c5 27. Rd6 Ndf8 $1 28. Bb2 (28. Qd2 $14) 28... Kg8 (28... Nxf4 $5 29. e6+ (29. exf4 $2 Qxh3 30. Bc3 Ne6 $19) 29... N8xe6 30. exf4 (30. gxf4 Nxf4 31. Rf1 Qxh3 $11) 30... Nxf4 $11) 29. Bg2 Qc7 30. g4 $2 (30. Qd2 $14 {keeps the upper hand.}) 30... Nxf4 $1 $19 (30... Rbd8 31. f5 $16) 31. exf4 Qxd6 (31... Qxa5 $2 32. f5 (32. Bd5+ Kh8 $18) 32... h6 33. f6 $18 (33. fxg6 Re7 $18)) 32. Bd5+ Kh8 33. Re1 Qc7 34. f5 Rbd8 (34... Qxa5 35. e6 $17) 35. Bc3 $2 {[%emt 0:03:37] [#]} (35. e6 gxf5 (35... Qxa5 $2 36. f6 $18) 36. e7 Rxe7 (36... Qxa5 37. exf8=Q+ Rxf8 38. Bxg7+ Kxg7 39. Qe7+ Kh8 40. Qe5+) 37. Qxe7 Qxe7 (37... Qxa5 38. Bxg7#) 38. Rxe7 Bxb2 39. Rxb7 Bd4+ 40. Kg2) 35... h6 $2 (35... Nd7 $1 $19 36. a6 bxa6 (36... Bxe5 $2 37. axb7 gxf5 38. g5 $19)) 36. Qe3 (36. Qf2 $15) 36... Kh7 (36... Qd7 $6 37. Rf1 $11) 37. Kh1 Qe7 (37... b6 $17 {White must now prevent ...b5.} 38. Qe4 Rd7 (38... bxa5 39. fxg6+ Nxg6 40. h4 $19)) 38. Qf3 Qh4 (38... Nd7 $5 39. f6 (39. Bxb7 $2 {is the wrong capture.} Nxe5 40. Bxe5 Bxe5 $19) 39... Bxf6 40. exf6 Qxe1+ 41. Bxe1 Rxe1+ 42. Kg2 Rde8 $11) 39. Re4 (39. Re2 $1 $11 {keeps the balance.}) 39... Nd7 40. f6 $1 Rf8 (40... Bh8 $5 41. e6 (41. Bxb7 $2 {perishes.} Qg5 $19) 41... Nxf6 $11) 41. Qe2 {[%emt 0:10:01] [#]} Nxe5 $4 (41... Nxf6 $1 $11 {and Black has nothing to worry.} 42. exf6 Bxf6) 1/2-1/2

[Event "45th FIDE Olympiad 2024"]
[Site "Budapest"]
[Date "2024.09.18"]
[Round "7.18"]
[White "Carpenter, Paul A"]
[Black "Mohamed, Hassan"]
[Result "1/2-1/2"]
[WhiteElo "1985"]
[BlackElo "1880"]
[PlyCount "93"]
[EventDate "2024.09.05"]
[EventType "team-tourn"]
[EventCountry "HUN"]
[WhiteTeam "Jersey"]
[BlackTeam "Maldives"]
[BlackTeamCountry "MDV"]
[TimeControl "40/5400+30:1800+30"]

1. b3 e5 2. Bb2 Nc6 3. d3 d5 4. e3 Nf6 5. Nd2 a5 6. a3 Bg4 7. Ne2 Bc5 8. h3 Be6 9. g3 Qe7 10. Bg2 O-O 11. O-O Rad8 12. Kh2 Nd7 13. f4 f5 14. fxe5 Bxe3 15. d4 g5 16. Rf3 f4 17. gxf4 Bxf4+ 18. Nxf4 gxf4 19. Qe1 Rf7 20. Qf2 Kh8 21. Rxf4 Rxf4 22. Qxf4 Rf8 23. Qe3 Qg7 24. Rg1 Rg8 25. c4 Ne7 26. Bxd5 Qxg1+ 27. Qxg1 Rxg1 28. Kxg1 Nxd5 29. cxd5 Bxh3 30. e6 Nb6 31. e7 Bd7 32. d6 cxd6 33. Ne4 Nd5 34. Nxd6 Nxe7 35. Nxb7 Kg8 36. Nxa5 Kf7 37. Nc4 Ke6 38. a4 Bc6 39. Ne5 Be4 40. a5 h5 41. Bc3 Nf5 42. a6 Kd6 43. Kf2 h4 44. Nf7+ Kc6 45. Nd8+ Kb6 46. Ne6 Bd5 47. Nf4 1/2-1/2

[Event "45th FIDE Olympiad 2024"]
[Site "Budapest"]
[Date "2024.09.18"]
[Round "7.19"]
[White "Indjic, Aleksandar"]
[Black "Warmerdam, Max"]
[Result "1-0"]
[ECO "D27"]
[WhiteElo "2611"]
[BlackElo "2679"]
[Annotator "TA"]
[PlyCount "63"]
[EventDate "2024.09.05"]
[EventType "team-tourn"]
[EventCountry "HUN"]
[SourceTitle "playchess.com"]
[Source "ChessBase"]
[SourceQuality "1"]
[WhiteTeam "Serbia"]
[BlackTeam "Netherlands"]
[WhiteTeamCountry "SRB"]
[BlackTeamCountry "NED"]
[TimeControl "40/5400+30:1800+30"]

1. d4 d5 2. c4 e6 3. Nc3 c5 4. e3 Nf6 5. Nf3 a6 6. a3 dxc4 7. Bxc4 b5 8. Ba2 Bb7 9. O-O Nbd7 10. Qe2 Bd6 11. Rd1 Qb8 12. h3 O-O {[%emt 0:06:05] The position is equal.} 13. dxc5 Nxc5 14. b4 Ncd7 15. Bb2 Ne5 16. Nxe5 Bxe5 17. Rd3 Bc6 18. Rad1 a5 19. Bb1 axb4 20. axb4 Rc8 21. f4 Bc7 22. g4 Bb6 23. g5 (23. Qf2 $15) 23... Ne4 (23... Qxf4 $1 $17 24. gxf6 Qg3+ 25. Kf1 Bf3 (25... Qxh3+ 26. Ke1 $17)) 24. Qg4 (24. Nxe4 $11 Bxe4 25. Be5) 24... Qa7 $2 (24... g6 $17 {White must now prevent ...Qb7.} 25. Qh4 Nxc3 26. Rxc3 Bd5) 25. Nxe4 $18 Bxe4 26. Rd7 $36 {[%emt 0:00:07][%mdl 2048] White has strong initiative.} Bxe3+ $2 {[%emt 0:00:43] [#] A mistake that costs the game.} (26... Bc7 $16 {was called for.} 27. Bd4 (27. Bxe4 $2 {loses.} Qxe3+ 28. Kf1 Qxe4 $19) 27... Qb7) 27. Kf1 $1 Qxd7 28. Rxd7 Bxb1 {[%emt 0:00:06] [#]} 29. Qf3 $1 Ra2 $2 {[%emt 0:18:14] [#]} (29... Bc1) 30. Qd1 $1 {[%emt 0:02:16] White wants to mate with Rd8+. White is clearly winning.} Raa8 31. Qxb1 {[%emt 0:00:07] Qe4 is the strong threat.} Bxf4 32. h4 {[%emt 0:00:49] Weighted Error Value: White=0.10 (very precise) /Black=0.44.  Loses game:     	---       	Black=2      Mistake:       	White=2     	Black=2      Inaccurate:     	White=1     	---        OK:         	White=6     	Black=8      Best:        	White=3     	---        Strong:       	White=2     	---} 1-0

[Event "45th FIDE Olympiad 2024"]
[Site "Budapest"]
[Date "2024.09.18"]
[Round "7.19"]
[White "Hussain, Nimal"]
[Black "Belzo, Krzysztof"]
[Result "1-0"]
[WhiteElo "1805"]
[BlackElo "2076"]
[PlyCount "83"]
[EventDate "2024.09.05"]
[EventType "team-tourn"]
[EventCountry "HUN"]
[WhiteTeam "Maldives"]
[BlackTeam "Jersey"]
[WhiteTeamCountry "MDV"]
[TimeControl "40/5400+30:1800+30"]

1. d4 c5 2. Nf3 cxd4 3. Nxd4 Nc6 4. e4 g6 5. Bc4 Bg7 6. c3 d6 7. Be3 Nf6 8. Nd2 O-O 9. O-O Ng4 10. Nc2 Nxe3 11. Nxe3 Ne5 12. Be2 Bd7 13. Nf3 Bc6 14. Qc2 Nxf3+ 15. Bxf3 Qa5 16. Rfd1 Ba4 17. b3 Bc6 18. Rac1 Qe5 19. Qd3 Rac8 20. Nc4 Qg5 21. Rc2 b6 22. Qe3 Qh4 23. g3 Qh3 24. Qf4 h5 25. Bg2 Qe6 26. Qd2 b5 27. Na5 Bxe4 28. Bxe4 Qxe4 29. Re1 Qf3 30. Re3 Qf6 31. Qe2 a6 32. Rxe7 Rxc3 33. Rd2 Rc1+ 34. Kg2 Qc3 35. Nb7 Bf6 36. Re3 Qc6+ 37. Qf3 Bg5 38. Rxd6 Qc7 39. Red3 a5 40. Qd5 Qe7 41. Rxg6+ Kh7 42. Rxg5 1-0

[Event "45th FIDE Olympiad 2024"]
[Site "Budapest"]
[Date "2024.09.18"]
[Round "7.20"]
[White "L'ami, Erwin"]
[Black "Ivic, Velimir"]
[Result "0-1"]
[ECO "E04"]
[WhiteElo "2628"]
[BlackElo "2599"]
[Annotator "TA"]
[PlyCount "80"]
[EventDate "2024.09.05"]
[EventType "team-tourn"]
[EventCountry "HUN"]
[SourceTitle "playchess.com"]
[Source "ChessBase"]
[SourceQuality "1"]
[WhiteTeam "Netherlands"]
[BlackTeam "Serbia"]
[WhiteTeamCountry "NED"]
[BlackTeamCountry "SRB"]
[TimeControl "40/5400+30:1800+30"]

1. d4 Nf6 2. c4 e6 3. Nf3 d5 4. g3 dxc4 5. Bg2 a6 6. O-O Nc6 7. e3 Rb8 8. Nfd2 e5 9. Bxc6+ bxc6 10. dxe5 Nd5 {[%emt 0:00:25][%cal Bf6d5,Bd5b4,Bb4d3][%mdl 32] White is better.} 11. Nxc4 (11. Qe2 $16) 11... Bh3 $14 12. e4 Bxf1 13. Kxf1 Nb4 14. Qxd8+ (14. Qe2 $1 $11) 14... Rxd8 $15 15. Nc3 {[%emt 0:02:54] Prevents Rd1+} Bc5 16. Bg5 Rd7 17. Na4 Ba7 18. Bd2 {[%emt 0:13:53] Black keeps a firm grip on the game.} (18. f3 $15) 18... Nd3 $17 19. f4 {[%emt 0:02:05] [#]} g5 $1 20. Bc3 {[%emt 0:03:45] [#] Black must now prevent e6.} (20. f5 Nxe5) 20... Bd4 $1 (20... gxf4 $2 21. e6 Rd4 22. Bxd4 Bxd4 23. Rd1 fxg3 24. Rxd3 $18) 21. f5 O-O {[%emt 0:12:05] Black is more active.} 22. Ke2 Bxc3 23. bxc3 Re8 24. Rb1 Nxe5 25. Nc5 {[%emt 0:00:07] [#] Threatens to win with Nxe5.} Rdd8 $1 26. Rb4 {[%emt 0:00:50] [#]} a5 $1 27. Ra4 {[%emt 0:03:19] [#]} Rd5 28. Nxe5 (28. exd5 Nxc4+) 28... Rdxe5 ({Don't play} 28... Rexe5 29. Nd3 Re8 30. Kd2 $17) ({Don't take} 28... Rxc5 29. Ng4 Kg7 (29... Rxc3 30. Kd2 $11) 30. Kd3) 29. Rxa5 Rxf5 $19 {[%emt 0:00:23][%mdl 4096] Endgame. aiming for ...Rxe4+. KRR-KRN} 30. a4 $2 (30. Kd3 Rf3+ 31. Kc4) 30... Rxe4+ {[%emt 0:00:39] Black is clearly winning.} 31. Kd3 Rg4 32. Ra8+ Kg7 33. Nb3 Rf3+ 34. Kd2 Rf2+ 35. Ke3 Rxh2 36. Kf3 Rc4 37. Nd4 Rxc3+ 38. Ke4 Rc4 (38... Rxg3 39. Nf5+ Kf6 40. Nxg3 $11) 39. Kd3 {[%emt 0:00:35] Dodges Rd2+} Rc1 40. a5 Ra2 {[%emt 0:00:32] Weighted Error Value: White=0.45/Black=0.05 (flawless) .  Mistake:       	White=4     	---        Inaccurate:     	White=3     	Black=1      OK:         	White=9     	Black=7      Best:        	---       	Black=4      Strong:       	---       	Black=2} 0-1

[Event "45th FIDE Olympiad 2024"]
[Site "Budapest"]
[Date "2024.09.18"]
[Round "7.20"]
[White "Forbes, Garry"]
[Black "Abdul Rahman, Ali"]
[Result "1/2-1/2"]
[WhiteElo "1858"]
[BlackElo "1844"]
[PlyCount "45"]
[EventDate "2024.09.05"]
[EventType "team-tourn"]
[EventCountry "HUN"]
[WhiteTeam "Jersey"]
[BlackTeam "Maldives"]
[BlackTeamCountry "MDV"]
[TimeControl "40/5400+30:1800+30"]

1. c4 e6 2. g3 d5 3. Bg2 Nf6 4. Nf3 c6 5. O-O Bd6 6. d4 Ne4 7. Nfd2 f5 8. Nxe4 fxe4 9. f3 exf3 10. Rxf3 Nd7 11. Rf1 Nf6 12. c5 Be7 13. Nc3 O-O 14. e4 dxe4 15. Nxe4 Nxe4 16. Rxf8+ Bxf8 17. Bxe4 g6 18. Bf4 Bg7 19. Be5 Qg5 20. Bf4 Qd8 21. Be5 Qg5 22. Bf4 Qd8 23. Be5 1/2-1/2

[Event "45th FIDE Olympiad 2024"]
[Site "Budapest"]
[Date "2024.09.18"]
[Round "7.21"]
[White "Martirosyan, Haik M."]
[Black "Vitiugov, Nikita"]
[Result "1-0"]
[ECO "D27"]
[WhiteElo "2667"]
[BlackElo "2676"]
[Annotator "TA"]
[PlyCount "69"]
[EventDate "2024.09.05"]
[EventType "team-tourn"]
[EventCountry "HUN"]
[SourceTitle "playchess.com"]
[Source "ChessBase"]
[SourceQuality "1"]
[WhiteTeam "Armenia"]
[BlackTeam "England"]
[WhiteTeamCountry "ARM"]
[BlackTeamCountry "ENG"]
[TimeControl "40/5400+30:1800+30"]

1. d4 Nf6 2. c4 e6 3. Nf3 d5 4. Nc3 dxc4 5. e3 a6 6. a4 c5 7. Bxc4 Nc6 8. O-O Be7 9. dxc5 Qxd1 10. Rxd1 Bxc5 11. Nd2 Bb4 12. Be2 Na5 13. Rb1 {[%emt 0:07:59] The position is equal.} Bd7 14. Na2 Be7 (14... Bxd2 $1 $11 {remains equal.} 15. Bxd2 Nb3) 15. b4 $16 Nc6 16. Nc4 Nd5 {[%emt 0:04:25] [#] Prevents Nb6.} ({Better is} 16... e5) 17. e4 $1 $36 {[%emt 0:00:13][%mdl 2048] White has strong initiative.} Nf6 18. Nb6 Rd8 19. b5 axb5 20. axb5 {[%emt 0:00:13] aiming for Nxd7.} Ne5 {[%emt 0:06:22] [#]} 21. Nc3 {[%emt 0:16:37] Bf4 would now be deadly.} Bc8 22. Bf4 Ng6 23. Bc7 Rxd1+ 24. Rxd1 (24. Bxd1 $6 Bd8 25. Bxd8 Kxd8 $16) 24... O-O 25. e5 Nd5 26. Ncxd5 exd5 27. Nxc8 (27. Rxd5 Nf4 28. Rd2 Nxe2+ 29. Rxe2 Bc5 $14) 27... Rxc8 28. b6 Bc5 29. g3 {[%emt 0:01:26] Repels Nf4} (29. Rxd5 Bxb6 30. Bxb6 Nf4 $14) 29... Ne7 30. Bf3 Kf8 (30... Ra8 $142 31. Bxd5 Nxd5) 31. Ra1 $18 {[%emt 0:02:04] Ra5 is the strong threat.} (31. Bxd5 $6 Nxd5 32. Rxd5 Be7 $16) 31... f5 32. Ra5 ({Not} 32. Ra7 $2 Rxc7 33. bxc7 Bxa7 $19) 32... Bd4 33. Bxd5 ({Don't blunder} 33. Ra7 $2 Rxc7 34. bxc7 Bxa7 $19) 33... Bc3 (33... Nxd5 {keeps fighting.} 34. Rxd5 Bb2) 34. Rc5 Bb4 35. Rc4 {[%emt 0:00:33] Black got outplayed after the opening.   Weighted Error Value: White=0.07 (flawless) /Black=0.30.  Mistake:       	---       	Black=4      Inaccurate:     	White=1     	Black=1      OK:         	White=13    	Black=11     Best:        	White=4     	---        Strong:       	White=1     	---} ({Less strong is} 35. Rb5 Nxd5 36. Rxd5 Ke7 $16) 1-0